 Dungeon Crawl Stone Soup version 0.21-a0-150-gc243083 (webtiles) character file.

6150 Lunath the Grappler (level 10, -2/91 HPs)
             Began as a Troll Monk on July 28, 2017.
             Was an Elder of Makhleb.
             Slain by a two-headed ogre
             ... wielding a +0 giant spiked club
              (22 damage)
             ... on level 9 of the Dungeon.
             The game lasted 00:15:16 (6015 turns).

Lunath the Grappler (Troll Monk)                    Turns: 6015, Time: 00:15:17

Health: -2/91      AC:  8    Str: 21    XL:     10   Next: 59%
Magic:  14/14      EV: 11    Int:  6    God:    Makhleb [****..]
Gold:   250        SH:  0    Dex: 15    Spells: 9/9 levels left

rFire    . . .     SeeInvis .     - Unarmed
rCold    . . .     Gourm    +   (no shield)
rNeg     . . .     Faith    .   L - +0 troll leather armour
rPois    .         Spirit   .   (helmet restricted)
rElec    .         Reflect  .   w - +0 cloak
rCorr    +         Harm     .   (gloves unavailable)
MR       .....                  (boots unavailable)
Stlth    +++.......             F - amulet of regeneration
HPRegen  1.45/turn              o - ring of stealth
MPRegen  0.14/turn              v - ring of resist corrosion

@: no status effects
A: unfitting armour, claws 3, fast metabolism 3, gourmand, regeneration 1,
shaggy fur 1, tough skin 2
a: Minor Destruction, Lesser Servant of Makhleb, Major Destruction, Renounce
Religion


You were on level 9 of the Dungeon.
You worshipped Makhleb.
Makhleb was greatly pleased with you.
You were completely stuffed.

You visited 1 branch of the dungeon, and saw 9 of its levels.

You collected 398 gold pieces.
You spent 148 gold pieces at shops.

Inventory:

Hand Weapons
 a - a +1 giant spiked club
Armour
 q - a +0 robe
 w - a +0 cloak (worn)
 E - the +1 robe of Yzudaji {Int+3}
   (You bought it in a shop on level 5 of the Dungeon)

   It affects your intelligence (+3).
 L - a +0 troll leather armour (worn)
Jewellery
 o - a ring of stealth (left claw)
 v - a ring of resist corrosion (right claw)
 y - an uncursed amulet of magic regeneration
 F - an amulet of regeneration (around neck)
 K - an uncursed amulet of guardian spirit
Wands
 d - a wand of flame (6/48)
 u - a wand of acid (14/15)
 B - a wand of lightning (8/15)
 N - a wand of acid (4/15)
 O - a wand of confusion (17/48)
 P - a wand of random effects (20/48)
 Q - a wand of flame (37/48)
Scrolls
 c - 2 scrolls of teleportation
 h - a scroll of amnesia
 i - 2 scrolls of identify
 m - 4 scrolls of remove curse
 D - a scroll of blinking
Potions
 e - a potion of heal wounds
 g - 2 potions of mutation
 l - 2 potions of curing {unknown}
 n - a potion of agility
 r - a potion of magic
 s - a potion of ambrosia
 t - 3 potions of might
 x - a potion of berserk rage {unknown}
 z - 2 potions of brilliance {unknown}
 A - a potion of cancellation {unknown}
 C - 2 potions of haste {unknown}
 H - 2 potions of lignification {unknown}
 I - a potion of degeneration {unknown}
 J - a potion of resistance {unknown}
Books
 j - a book of Callings

   Spells                             Type                      Level
   a - Summon Small Mammal            Summoning                    1
   b - Call Imp                       Summoning                    2
   c - Call Canine Familiar           Summoning                    3
   d - Summon Guardian Golem          Hexes/Summoning              3
   e - Summon Lightning Spire         Summoning/Air                4
   f - Summon Ice Beast               Ice/Summoning                4
 M - a book of Minor Magic

   Spells                             Type                      Level
   a - Magic Dart                     Conjuration                  1
   b - Blink                          Translocation                2
   c - Call Imp                       Summoning                    2
   d - Slow                           Hexes                        2
   e - Conjure Flame                  Conjuration/Fire             3
   f - Mephitic Cloud                 Conjuration/Poison/Air       3
Comestibles
 b - 7 bread rations
 f - 2 royal jellies
 k - 6 meat rations
 p - 6 chunks of flesh
 G - 2 fruits


   Skills:
 - Level 3.4 Fighting
 + Level 4.0 Dodging
 - Level 1.0 Stealth
 * Level 13.1 Unarmed Combat
 + Level 7.0 Invocations


You had 9 spell levels left.
You didn't know any spells.

Dungeon Overview and Level Annotations

Branches:
Dungeon (9/15)             Temple (0/1) D:6
   Lair: D:8-11         Orc: D:9-12

Altars:
Cheibriados
Dithmenos
Makhleb
Ru
Vehumet
Xom
Zin

Shops:
D:5 [


Innate Abilities, Weirdness & Mutations

You are too large for most types of armour.
You have claws for hands.
Your metabolism is lightning-fast.
You like to eat raw meat.
Your natural rate of healing is unusually fast.
You are covered in fur. (AC +1)
You have very tough skin. (AC +2)


Message History

You claw the hound skeleton!
You destroy the hound skeleton!
Makhleb accepts your kill.
You feel better.
No target in view!
No target in view!
Some of the chunks of flesh in your inventory have rotted away.
A two-headed ogre comes into view.
It is wielding a giant spiked club and a giant club.
The two-headed ogre shouts in stereo!
The two-headed ogre hits you with a giant spiked club!!
The two-headed ogre hits you with a giant club!!
You completely miss the two-headed ogre.
You barely miss the two-headed ogre. The two-headed ogre closely misses you.
The two-headed ogre barely misses you.
You mangle the two-headed ogre!! You claw the two-headed ogre!
The two-headed ogre is severely wounded.
The two-headed ogre hits you with a giant spiked club!!
* * * LOW HITPOINT WARNING * * *
The two-headed ogre hits you with a giant club!!
You die...

#.#.#####.#.#
#.#.......#.#
#########.# #.# #####
#.# #...# #.# ######...#
#.# .........###+###.#
######.####....#@#
######.####....#.O.+
.......#.......#####
#.######.......#######+#
#.####.+.......+.......#
#......#.......#.......#
#....(.##'#....'.......#
#.........#....#<...(..#
#.....###.#.#......##..#


You could see a two-headed ogre.

Vanquished Creatures
  A two-headed ogre (D:7)
  Pikel (D:4)
  An ugly thing (D:9)
  The ghost of zkyp the Chopper, a novice DDMo (D:5)
  The ghost of wazuzu the Cleaver, a novice HOMo of Uskayaw (D:4)
  A troll (D:9)
  A hippogriff (D:8)
  5 yaks (D:6)
  A phantom (D:6)
  A slave (D:4)
  An ice beast (D:7)
  8 ogres
  5 centaurs
  A big kobold (D:7)
  A bullfrog (D:8)
  2 water moccasin skeletons
  A scorpion (D:8)
  A wight (D:7)
  3 howler monkeys (D:8)
  3 electric eels (D:8)
  2 bullfrog zombies (D:6)
  5 crimson imps
  2 centaur zombies
  A gnoll shaman (D:8)
  3 hounds
  2 jellies
  An orc wizard (D:9)
  A bullfrog skeleton (D:6)
  A centaur skeleton (D:7)
  4 iguanas
  Ijyb (D:3)
  6 worker ants
  4 hound skeletons
  A worker ant zombie (D:4)
  10 adders
  8 gnolls
  4 adder zombies (D:4)
  3 adder skeletons
  2 worms (D:2)
  3 dart slugs
  11 leopard geckos
  4 orcs
  6 bats
  7 giant cockroaches
  5 goblins
  12 hobgoblins
  4 quokkas
  A frilled lizard (D:2)
  10 kobolds
  A leopard gecko skeleton (D:5)
  8 rats
  A plant (D:5)
174 creatures vanquished.

Vanquished Creatures (others)
  A howler monkey (D:4)
  An adder skeleton (D:4)
2 creatures vanquished.

Grand Total: 176 creatures vanquished

Notes
Turn   | Place    | Note
-------+----------+-------------------------------------------
     0 | D:1      | Lunath the Troll Monk began the quest for the Orb.
     0 | D:1      | Reached XP level 1. HP: 22/22 MP: 0/0
   227 | D:1      | Reached XP level 2. HP: 29/29 MP: 1/1
   579 | D:1      | Reached skill level 4 in Unarmed Combat
  1073 | D:2      | Reached XP level 3. HP: 36/36 MP: 2/2
  1568 | D:2      | Reached XP level 4. HP: 44/44 MP: 3/3
  1691 | D:3      | Reached skill level 5 in Unarmed Combat
  2028 | D:3      | Noticed Ijyb
  2032 | D:3      | Killed Ijyb
  2037 | D:3      | Noticed an ogre
  2043 | D:3      | Killed an ogre
  2043 | D:3      | Reached skill level 6 in Unarmed Combat
  2043 | D:3      | Reached XP level 5. HP: 50/50 MP: 4/4
  2126 | D:3      | Found a shimmering altar of Xom.
  2127 | D:3      | Found a burning altar of Makhleb.
  2135 | D:3      | Became a worshipper of Makhleb the Destroyer
  2135 | D:3      | Reached * piety under Makhleb
  2135 | D:3      | Reached ** piety under Makhleb
  2200 | D:3      | Found a faded altar of an unknown god.
  2324 | D:4      | Noticed an ogre
  2330 | D:4      | Killed an ogre
  2330 | D:4      | Reached skill level 1 in Invocations
  2330 | D:4      | Reached XP level 6. HP: 59/59 MP: 5/5
  2377 | D:4      | Found a radiant altar of Vehumet.
  2416 | D:4      | Noticed a slave
  2417 | D:4      | Noticed Pikel
  2417 | D:4      | Noticed a slave
  2418 | D:4      | Noticed a slave
  2418 | D:4      | Noticed a slave
  2436 | D:4      | Killed a slave
  2451 | D:4      | Killed Pikel
  2451 | D:4      | Reached skill level 8 in Unarmed Combat
  2451 | D:4      | Reached XP level 7. HP: 45/66 MP: 5/8
  2464 | D:4      | Noticed wazuzu's ghost (novice HOMo)
  2492 | D:4      | Killed wazuzu's ghost
  2492 | D:4      | Reached skill level 9 in Unarmed Combat
  2492 | D:4      | Reached XP level 8. HP: 18/74 MP: 9/9
  2897 | D:5      | Entered Level 5 of the Dungeon
  2897 | D:5      | Found a glowing silver altar of Zin.
  2976 | D:5      | Noticed zkyp's ghost (novice DDMo)
  3022 | D:5      | Killed zkyp's ghost
  3022 | D:5      | Reached skill level 10 in Unarmed Combat
  3039 | D:5      | Reached skill level 5 in Invocations
  3112 | D:5      | Found Ynank's Antique Armour Boutique.
  3135 | D:5      | Bought a ripped robe for 148 gold pieces
  3145 | D:5      | Identified the +1 robe of Yzudaji {Int+3} (You bought it in a shop on level 5 of the Dungeon)
  3202 | D:5      | Reached *** piety under Makhleb
  3461 | D:6      | Found a staircase to the Ecumenical Temple.
  3483 | D:6      | Reached XP level 9. HP: 80/80 MP: 11/11
  3636 | D:6      | Found a shadowy altar of Dithmenos.
  3669 | D:6      | Reached skill level 11 in Unarmed Combat
  4412 | D:7      | Reached skill level 12 in Unarmed Combat
  4496 | D:7      | Found a sacrificial altar of Ru.
  4789 | D:7      | Noticed a two-headed ogre
  4795 | D:7      | Killed a two-headed ogre
  4795 | D:7      | Reached XP level 10. HP: 76/89 MP: 7/13
  5137 | D:8      | Reached **** piety under Makhleb
  5270 | D:8      | Found a snail-covered altar of Cheibriados.
  5329 | D:8      | HP: 3/91 [electric eel/bolt of electricity (5)]
  5943 | D:9      | Noticed a red ugly thing
  5953 | D:9      | Killed a red ugly thing
  5953 | D:9      | Reached skill level 13 in Unarmed Combat
  6006 | D:9      | Noticed a two-headed ogre
  6015 | D:9      | Slain by a two-headed ogre

Vault maps used:
D:1:      sevenhm_arrival_forest_fort_small_6, hex_medium
D:2:      cheibrodos_helix_gallery, minmay_misc_feat_pillars
D:3:      grunt_temple_overflow_champion_of_chaos,
          chequers_ecumenical_altar_lobes, minmay_misc_feat_encased, uniq_ijyb
D:4:      lemuel_crystal_altar, serial_undead, serial_undead_e, serial_undead_b,
          serial_undead_f, serial_undead_a, minmay_bisected, uniq_pikel
D:5:      overflow_temple_1_default, first_bread, serial_shops,
          nicolae_shop_overgrown_old_shop
D:6:      nicolae_dithmenos_the_darkroom, temple_statues, serial_bayou_pond_e,
          kennysheep_generic_room_9
D:7:      nicolae_ru_the_path_less_chosen
D:8:      lemuel_round_altar
D:9:      grunt_livestock

Skill      XL: |  1  2  3  4  5  6  7  8  9 10 |
---------------+-------------------------------+-----
Unarmed Combat | 4 6 8 9 10 12 13 | 13.1
Invocations    | 1 3 5 6 7 |  7.0
Dodging        | 3 4 |  4.0
Fighting       | 3 |  3.4
Stealth        | |  1.0

Action                   |  1- 3 |  4- 6 |  7- 9 | 10-12 || total
-------------------------+-------+-------+-------+-------++-------
Melee: Unarmed           |   109 |    71 |   232 |   108 ||   520
       Punch             |     4 |     3 |    17 |     8 ||    32
Invok: Minor Destruction |       |       |     4 |       ||     4
Evoke: Wand              |       |       |       |     7 ||     7
  Use: Scroll            |       |       |    17 |       ||    17
 Stab: Sleeping          |     8 |     7 |     7 |     3 ||    25
  Eat: Chunk             |    20 |     8 |    17 |    15 ||    60
Armor: Robe              |    27 |     9 |    47 |    25 ||   108
       Troll leather arm |       |       |       |     2 ||     2
Dodge: Dodged            |    44 |    21 |    99 |    59 ||   223
